 Dungeon Crawl Stone Soup version 0.20.1-1-g8b1a95d (webtiles) character file.

1670 vineage the Slasher (level 8, 0/61 HPs)
             Began as a Demonspawn Gladiator on Aug 24, 2017.
             Slain by an orc warrior
             ... wielding a +0 halberd
              (13 damage)
             ... on level 7 of the Dungeon.
             The game lasted 00:10:52 (5228 turns).

vineage the Slasher (Demonspawn Gladiator)          Turns: 5228, Time: 00:10:53

Health: 0/61       AC: 16    Str: 17    XL:     8   Next: 70%
Magic:  8/8        EV: 10    Int: 10    God:
Gold:   327        SH:  5    Dex: 16    Spells: 7/7 levels left

rFire    . . .     SeeInvis .   a - +1 long sword
rCold    + . .     Gourm    .   w - +0 buckler
rNeg     . . .     Faith    .   n - +1 plate armour {rC+}
rPois    .         Spirit   .   c - +0 helmet
rElec    .         Reflect  .   (no cloak)
rCorr    .         Harm     .   (no gloves)
MR       .....                  (no boots)
Stlth    ..........             (no amulet)
Regen    0.2/turn               y - +2 ring of dexterity
MPRegen  0.2/turn               i - +4 ring of evasion

@: no status effects
A: claws 2, icy blue scales 1, powered by death 1, spiny 1
a: no special abilities


You were on level 7 of the Dungeon.
You were hungry.

You visited 1 branch of the dungeon, and saw 7 of its levels.

You collected 327 gold pieces.

Inventory:

Hand Weapons
 a - a +1 long sword (weapon)
Missiles
 d - 5 throwing nets (quivered)
Armour
 c - a +0 helmet (worn)
 n - a +1 plate armour of cold resistance (worn)
 w - a +0 buckler (worn)
 G - the +3 robe of Atheism {rElec Int+4}
   (You found it on level 5 of the Dungeon)

   It affects your intelligence (+4).
   It insulates you from electricity.
Jewellery
 h - a +2 ring of evasion
 i - a +4 ring of evasion (right claw)
 y - a +2 ring of dexterity (left claw)
 D - an uncursed ring of protection from cold
Scrolls
 e - 4 scrolls of remove curse
 g - 2 scrolls of amnesia
 j - a scroll of immolation {unknown}
 k - 2 scrolls of enchant weapon
 l - 4 scrolls of teleportation
 s - 4 scrolls of identify
 t - a scroll of noise {unknown}
 u - a scroll of fog
 x - 2 scrolls of magic mapping {unknown}
Potions
 m - a potion of haste
 o - 2 potions of berserk rage
 z - a potion of cancellation
 A - a potion of ambrosia
 C - 2 potions of lignification
 E - a potion of brilliance
 F - a potion of mutation
Comestibles
 f - 4 bread rations
 r - 3 royal jellies
 v - 4 fruits
 B - 2 meat rations


   Skills:
 + Level 4.3 Fighting
 + Level 7.4 Long Blades
 + Level 1.8 Throwing
 + Level 5.2 Armour
 + Level 3.3 Dodging
 + Level 0.4 Stealth
 + Level 2.5 Shields


You had 7 spell levels left.
You didn't know any spells.

Dungeon Overview and Level Annotations

Branches:
Dungeon (7/15)
 Temple: D:4-7

Altars:
Ashenzari
Cheibriados

Shops:
D:4 [


Innate Abilities, Weirdness & Mutations

You have very sharp fingernails.
You are partially covered in icy blue scales. (AC +2)
You regenerate a little health from kills.
You are partially covered in sharp spines.


Message History

You closely miss the orc warrior.
The orc warrior is lightly wounded.
The orc warrior hits you but does no damage.
You hit the orc warrior.
The orc warrior is lightly wounded.
The orc warrior is struck by your spines.
The orc warrior hits you with a halberd!
You slash the orc warrior!
The orc warrior is heavily wounded.
The orc warrior hits you with a halberd!
You are too injured to fight recklessly!
You are too injured to fight recklessly!
You hit the orc warrior but do no damage.
The orc warrior is heavily wounded.
The orc warrior hits you with a halberd!
* * * LOW HITPOINT WARNING * * *
You hit the orc warrior.
The orc warrior is severely wounded.
The orc warrior hits you with a halberd!
You die...

########
#......#
#.####@#
#....[o#
######)[.....?
.>.......
##.#.#####
#.#.# #.#.#
#.# # #.#


You could see an orc warrior.

Vanquished Creatures
  Menkaure (D:4)
  The ghost of dscm the Digger, an amateur GrEE (D:4)
  An orc warrior (D:7)
  A black bear (D:6)
  2 ogres
  A gnoll sergeant (D:5)
  A bullfrog (D:7)
  2 scorpions
  3 wights (D:7)
  3 howler monkeys
  2 hounds (D:4)
  A jelly (D:7)
  An orc priest (D:5)
  A bullfrog skeleton (D:5)
  4 orc wizards
  2 iguanas
  3 worker ants
  A howler monkey zombie (D:5)
  9 gnolls
  3 adders
  An ooze (D:4)
  3 worms
  2 dart slugs
  A leopard gecko (D:4)
  14 orcs
  A ball python (D:3)
  4 giant cockroaches
  9 hobgoblins
  13 jackals
  10 kobolds
  A quokka (D:5)
  12 bats
  4 frilled lizards
  13 goblins
  A quokka skeleton (D:6)
  9 rats
141 creatures vanquished.

Notes
Turn   | Place    | Note
-------+----------+-------------------------------------------
     0 | D:1      | vineage the Demonspawn Gladiator began the quest for the Orb.
     0 | D:1      | Reached XP level 1. HP: 16/16 MP: 1/1
   103 | D:1      | Gained mutation: You have sharp fingernails. [demonic ancestry]
   103 | D:1      | Reached XP level 2. HP: 8/22 MP: 2/2
   609 | D:1      | Reached skill level 3 in Long Blades
   718 | D:1      | Gained mutation: You have very sharp fingernails. [demonic ancestry]
   718 | D:1      | Reached XP level 3. HP: 27/27 MP: 3/3
   933 | D:2      | Found a snail-covered altar of Cheibriados.
  1066 | D:2      | Reached skill level 1 in Armour
  1091 | D:2      | Gained mutation: You are partially covered in icy blue scales. (AC +2) [demonic ancestry]
  1091 | D:2      | Reached XP level 4. HP: 28/33 MP: 4/4
  1427 | D:2      | Found a shattered altar of Ashenzari.
  2414 | D:4      | Reached skill level 4 in Long Blades
  2414 | D:4      | Reached XP level 5. HP: 25/39 MP: 5/5
  2569 | D:4      | Noticed dscm's ghost (amateur GrEE)
  2599 | D:4      | Killed dscm's ghost
  2599 | D:4      | Reached skill level 5 in Long Blades
  2599 | D:4      | Gained mutation: You are partially covered in sharp spines. [demonic ancestry]
  2599 | D:4      | Reached XP level 6. HP: 25/46 MP: 6/6
  2932 | D:4      | Found Ceddyodgh's Antique Armour Shoppe.
  3140 | D:4      | Noticed Menkaure
  3160 | D:4      | Killed Menkaure
  3160 | D:4      | Reached skill level 1 in Shields
  3440 | D:4      | Gained mutation: You regenerate a little health from kills. [demonic ancestry]
  3440 | D:4      | Reached XP level 7. HP: 29/52 MP: 7/7
  3998 | D:5      | Entered Level 5 of the Dungeon
  4209 | D:5      | Reached skill level 6 in Long Blades
  4599 | D:5      | Got a fabulously ornate robe
  4733 | D:5      | Identified the +3 robe of Atheism {rElec Int+4} (You found it on level 5 of the Dungeon)
  4824 | D:5      | Reached XP level 8. HP: 53/59 MP: 8/8
  5180 | D:7      | Reached skill level 7 in Long Blades
  5209 | D:7      | Reached skill level 5 in Armour
  5228 | D:7      | Slain by an orc warrior

Skill      XL: |  1  2  3  4  5  6  7  8 |
---------------+-------------------------+-----
Dodging        | 3 |  3.3
Long Blades    | 3 4 5 6 7 |  7.4
Armour         | 1 2 4 5 |  5.2
Shields        | 1 2 |  2.5
Fighting       | 3 4 |  4.3
Throwing       | |  1.8
Stealth        | |  0.4

Action                   |  1- 3 |  4- 6 |  7- 9 || total
-------------------------+-------+-------+-------++-------
Melee: Long sword        |   101 |   208 |   148 ||   457
  Use: Scroll            |       |     9 |     6 ||    15
       Potion            |       |     7 |     3 ||    10
  Eat: Chunk             |       |     7 |     2 ||     9
       Meat ration       |       |     1 |       ||     1
Armor: Leather armour    |    47 |       |       ||    47
       Plate armour      |    54 |   132 |   100 ||   286
Dodge: Dodged            |   156 |   141 |    80 ||   377
Block: Buckler           |       |    24 |    44 ||    68
       Rpst.: Long sword |    54 |    40 |    21 ||   115
